 Dungeon Crawl Stone Soup version 0.22.1-2-g9c5b331 (webtiles) character file.

75261 shamaniam the Grappler (level 15, 0/146 HPs)
             Began as a Troll Transmuter on Nov 28, 2018.
             Was the Champion of Ru.
             Slain by a redback (13 damage)
             ... on level 1 of the Spider Nest.
             The game lasted 01:52:51 (27998 turns).

shamaniam the Grappler (Troll Transmuter)          Turns: 27998, Time: 01:52:51

Health: 0/146      AC: 10    Str: 20    XL:     15   Next: 9%
Magic:  20/22      EV: 17    Int: 14    God:    Ru [******]
Gold:   1223       SH:  0    Dex: 10    Spells: 9/24 levels left

rFire    + . .     SeeInvis .     - Unarmed
rCold    + . .     Gourm    +   (shield currently unavailable)
rNeg     . . .     Faith    .   t - +1 steam dragon scales
rPois    .         Spirit   .   (helmet restricted)
rElec    .         Reflect  .   k - scarf {rC+ rF+}
rCorr    .         Harm     .   (gloves unavailable)
MR       ++...                  (boots unavailable)
Stlth    ..........             q - amulet of the acrobat
HPRegen  1.14/turn              F - ring of protection from magic
MPRegen  0.18/turn              p - +5 ring of evasion

@: lethally poisoned (0 -> -45), blade hands (expiring)
A: large, unfitting armour, claws 3, hooves 1, horns 1, fast metabolism 3,
gourmand, regeneration 2, screaming 1, shaggy fur 1, tough skin 2, weak 1,
evolution 1, no stealth, inability to use devices, hated by all, inexperienced 1
a: End Transformation, Draw Out Power, Power Leap, Apocalypse, Renounce Religion


You were on level 1 of the Spider Nest.
You worshipped Ru.
Ru was exalted by your worship.
You were not hungry.
You had blades for hands.
You visited 5 branches of the dungeon, and saw 25 of its levels.
You also visited: Ossuary.

You collected 1955 gold pieces.
You spent 732 gold pieces at shops.

Inventory:

Hand Weapons
 M - a +6 spear of flaming
Missiles
 a - 590 arrows
 H - a throwing net (quivered)
Armour
 f - a +0 shield (melded)
 k - a scarf of resistance (worn)
 t - +1 steam dragon scales (worn)
 E - the +1 robe "Peify" {rF+ Int+8 Dex-5 SInv}
   (You found it on level 2 of the Lair of Beasts)

   It affects your intelligence (+8).
   It affects your dexterity (-5).
   It protects you from fire.
   It lets you see invisible.
Jewellery
 l - a +5 ring of strength
 p - a +5 ring of evasion (right scythe-like blade)
 q - an amulet of the acrobat (around neck)
 A - an uncursed ring of protection from fire
 F - a ring of protection from magic (left scythe-like blade)
 O - an uncursed ring of ice
Scrolls
 e - 5 scrolls of identify
 n - 4 scrolls of blinking
 s - 13 scrolls of teleportation
 v - 4 scrolls of remove curse
 w - 3 scrolls of amnesia
 y - a scroll of holy word
 K - 2 scrolls of magic mapping
Potions
 d - 3 potions of magic
 g - 5 potions of berserk rage
 h - 7 potions of curing
 i - 2 potions of flight
 j - 3 potions of heal wounds
 m - 3 potions of invisibility
 o - 3 potions of agility
 r - 4 potions of might
 u - 7 potions of haste
 x - 3 potions of brilliance
 z - 4 potions of lignification
 D - 4 potions of resistance
 I - 3 potions of mutation
 P - 2 potions of ambrosia
Comestibles
 c - 40 rations


   Skills:
 + Level 9.0 Fighting
 + Level 5.2 Armour
 + Level 6.2 Dodging
 + Level 10.4 Shields
 * Level 14.8 Unarmed Combat
 + Level 5.4 Spellcasting
 + Level 0.7 Hexes
 - Level 3.0 Charms
 + Level 0.8 Necromancy
 * Level 9.3 Transmutations


You had 9 spell levels left.
You knew the following spells:

 Your Spells              Type           Power        Failure   Level  Hunger
a - Beastly Appendage     Tmut           ####..       11%         1    None
b - Regeneration          Chrm/Necr      #.........   65%         3    ###....
c - Blade Hands           Tmut           ####......   45%         5    ######.
d - Song of Slaying       Chrm           ##......     41%         2    ##.....
e - Cause Fear            Hex            #.........   97%         4    ####...

Your spell library contained the following spells:

 Spells                   Type           Power        Failure   Level  Hunger
 Sticks to Snakes         Tmut           ####....     12%         2    ##.....
 Infusion                 Chrm           ##..         32%         1    None
 Spider Form              Tmut/Pois      ###.......   41%         3    ###....
 Corona                   Hex            #......      50%         1    None
 Shroud of Golubria       Chrm/Tloc      #.........   54%         2    ##.....
 Slow                     Hex            #.......     61%         2    ##.....
 Ensorcelled Hibernation  Hex/Ice        #.....       65%         2    ##.....
 Spectral Weapon          Hex/Chrm       #.......     67%         3    ###....
 Ice Form                 Ice/Tmut       ###.....     67%         4    ####...
 Confuse                  Hex            #.......     78%         3    ###....
 Tukima's Dance           Hex            #.......     78%         3    ###....
 Dazzling Spray           Conj/Hex       #.....       82%         3    ###....
 Inner Flame              Hex/Fire       #.......     82%         3    ###....
 Portal Projectile        Hex/Tloc       #.....       82%         3    ###....
 Leda's Liquefaction      Hex/Erth       #.........   98%         4    ####...
 Summon Small Mammal      Summ           Unusable     N/A         1    N/A
 Call Imp                 Summ           Unusable     N/A         2    N/A
 Summon Guardian Golem    Hex/Summ       Unusable     N/A         3    N/A
 Call Canine Familiar     Summ           Unusable     N/A         3    N/A
 Summon Ice Beast         Ice/Summ       Unusable     N/A         4    N/A
 Summon Lightning Spire   Summ/Air       Unusable     N/A         4    N/A

Dungeon Overview and Level Annotations

Branches:
Dungeon (15/15)            Temple (1/1) D:5            Lair (6/6) D:10
  Swamp (0/4) Lair:4       Spider (1/4) Lair:4        Slime (0/5) Lair:5
    Orc (2/2) D:9             Elf (0/3) Orc:2        Vaults (0/5) D:13
 Depths (0/5) D:15

Altars:
Ashenzari
Cheibriados
Dithmenos
Elyvilon
Fedhas
Gozag
Hepliaklqana
Kikubaaqudgha
Makhleb
Nemelex Xobeh
Okawaru
Qazlal
Ru
Sif Muna
Trog
Uskayaw
Vehumet
Wu Jian
Xom
Yredelemnul
Zin
The Shining One
Beogh
Jiyva

Shops:
D:5 *   D:12 !?(   Orc:2 [***

Portals:
Hell: Lair:6
Trove: D:12 (give 13 potions of heal wounds)


Innate Abilities, Weirdness & Mutations

You are too large for most types of armour.
You have claws for hands.
Your metabolism is lightning-fast.
You like to eat raw meat.
You heal very quickly.
You occasionally shout uncontrollably at your foes.
You are covered in fur. (AC +1)
You have very tough skin. (AC +2)
You are weak. (Str -2)
You cannot be stealthy.
You cannot study or use magical devices.
You are hated by all.
You are somewhat inexperienced. (-2 XL)
You have large cloven feet.
You have a pair of small horns on your head.
You evolve.


Message History

You kill the orb spider!
You feel very sick. The redback bites you!
* * * LOW HITPOINT WARNING * * *
You are lethally poisoned!
The redback poisons you!
You barely miss the redback.
* * * LOW HITPOINT WARNING * * *
You feel very sick. The redback bites you!
* * * LOW HITPOINT WARNING * * *
The redback bites you!
* * * LOW HITPOINT WARNING * * *
You slash the redback! You kick the redback.
The redback is heavily wounded.
* * * LOW HITPOINT WARNING * * *
You feel very sick.
A redback comes into view.
The redback bites you!
You die...

##........##.......#
#..#†<†.#^......s..#
#...†#...#...^.$....
##...#...#...#....#.
##...###^......#...
#.#.#...#..##.....
#..#†.##....##..s.
##.##..ss.......s.
## #.^@..#...#...
##...........
#........#..
#..##..#.... #...
.## ..# #..#### .#
##.# #.#


You could see 3 redbacks.

Vanquished Creatures
  The ghost of fidoburger the Thaumaturge, a journeyman DrAE of Qazlal (Lair:4)
  An ettin (Orc:2)
  Josephine (D:15)
  Erolcha (D:10)
  6 hydras
  3 centaur warriors
  A tengu warrior (D:13)
  9 two-headed ogres
  An ogre mage (D:14)
  Urug (Orc:2)
  4 orc high priests
  Nergalle (D:12)
  3 spriggans (Lair:4)
  2 skeletal warriors (D:15)
  2 unseen horrors
  A sixfirhy (Lair:6)
  2 wizards
  A lindwurm (Lair:5)
  A tengu zombie (D:15)
  6 orc knights
  A necromancer (D:15)
  A phantasmal warrior (D:15)
  2 orb spiders
  A shadow dragon zombie (D:15)
  4 orc sorcerers
  3 deep elf magi
  3 wolf spiders (Spider:1)
  8 ugly things
  2 cyclopes
  A stone giant skeleton (D:15)
  3 elephants (Lair:2)
  A frost giant skeleton (D:15)
  A guardian serpent (shapeshifter) (D:14)
  A gargoyle (D:15)
  4 black mambas
  2 orange demons (Lair:6)
  A smoke demon (Lair:6)
  12 spiny frogs
  2 kobold demonologists (D:12)
  13 komodo dragons
  4 rime drakes
  A freezing wraith (D:15)
  2 red devils (Lair:6)
  A merfolk (shapeshifter) (D:15)
  2 ice devils (Lair:6)
  3 polar bears
  9 blink frogs
  5 hornets
  7 trolls
  2 jumping spiders (Spider:1)
  Prince Ribbit (D:9)
  6 hippogriffs
  A centaur simulacrum (D:15)
  11 redbacks (Spider:1)
  A wyvern (D:11)
  A human (shapeshifter) (D:15)
  5 wraiths (D:15)
  51 yaks
  3 basilisks
  Eustachio (D:5)
  2 water elementals (D:13)
  2 steam dragons
  3 hungry ghosts
  Edmund (D:5)
  7 vampire mosquitoes
  4 wargs
  An acid dragon (D:14)
  4 hell hounds (Lair:6)
  18 water moccasins
  5 porcupines
  3 black bears
  24 orc warriors
  5 ice beasts
  8 sky beasts
  A hornet zombie (D:12)
  5 phantoms
  8 ogres
  2 necrophages
  6 wolves (Lair:3)
  A boggart (Lair:4)
  20 centaurs
  12 crocodiles
  2 elf zombies (Ossuary)
  6 big kobolds
  2 gnoll sergeants (D:9)
  Blork the orc (D:5)
  22 bullfrogs
  3 wyvern zombies
  3 scorpions
  18 killer bees
  4 wights
  5 howler monkeys
  4 electric eels
  6 jellies
  6 centaur zombies
  9 crimson imps
  3 quasits
  A bullfrog zombie (D:13)
  7 hounds
  26 orc priests
  5 bullfrog skeletons
  25 orc wizards
  4 centaur skeletons
  3 iguanas
  9 worker ants
  2 big kobold zombies (Ossuary)
  A hound zombie (D:9)
  3 hound skeletons
  3 mummies
  A worker ant zombie (D:8)
  16 gnolls
  14 adders
  2 shadow imps
  2 oozes (Lair:5)
  2 adder zombies
  4 worms
  2 dart slugs (D:4)
  9 leopard geckos
  89 orcs
  3 ball pythons
  8 giant cockroaches
  9 goblins
  9 hobgoblins
  4 jackals (D:2)
  6 quokkas
  11 bats
  5 frilled lizards
  A goblin zombie (D:7)
  13 hobgoblin zombies (Ossuary)
  19 kobolds
  11 kobold zombies (Ossuary)
  A leopard gecko skeleton (D:4)
  7 orc zombies
  3 quokka skeletons
  2 rats
  A fungus (Lair:2)
  2 plants
812 creatures vanquished.

Vanquished Creatures (others)
  A two-headed ogre (D:13)
  2 deep elf magi
  An elephant (Lair:2)
  A gargoyle (D:14)
  A spiny frog (Lair:1)
  A meliai simulacrum (D:14)
  An orc warrior (Orc:2)
  2 ogres (D:14)
  A crocodile (Lair:6)
  A bullfrog (Lair:4)
  An orc (Orc:2)
  16 fungi
  34 plants
  A withered plant (D:15)
64 creatures vanquished.

Grand Total: 876 creatures vanquished

Notes
Turn   | Place    | Note
-------+----------+-------------------------------------------
     0 | D:1      | shamaniam the Troll Transmuter began the quest for the Orb.
     0 | D:1      | Reached XP level 1. HP: 18/18 MP: 1/1
   405 | D:1      | Reached skill level 1 in Fighting
   462 | D:1      | Reached XP level 2. HP: 21/27 MP: 3/3
   973 | D:2      | Reached XP level 3. HP: 32/33 MP: 4/4
  1374 | D:2      | Reached XP level 4. HP: 36/41 MP: 5/5
  1829 | D:3      | Found a glowing golden altar of the Shining One.
  2000 | D:3      | Reached XP level 5. HP: 49/49 MP: 6/6
  2694 | D:4      | Reached skill level 1 in Shields
  2694 | D:4      | Reached skill level 4 in Unarmed Combat
  2718 | D:4      | Reached XP level 6. HP: 54/57 MP: 6/8
  3038 | D:5      | Entered Level 5 of the Dungeon
  3038 | D:5      | Noticed a sky beast
  3046 | D:5      | Killed a sky beast
  3050 | D:5      | Learned a level 2 spell: Sticks to Snakes
  3056 | D:5      | Learned a level 5 spell: Blade Hands
  3115 | D:5      | Reached skill level 5 in Unarmed Combat
  3115 | D:5      | Reached XP level 7. HP: 37/66 MP: 9/9
  3374 | D:5      | Noticed Edmund
  3391 | D:5      | Killed Edmund
  3537 | D:5      | Reached XP level 8. HP: 75/75 MP: 10/10
  3551 | D:5      | Found a staircase to the Ecumenical Temple.
  3566 | Temple   | Entered the Ecumenical Temple
  3725 | D:5      | Found Gealuh's General Store.
  3733 | D:5      | Bought a potion of brilliance for 48 gold pieces
  3733 | D:5      | Bought a potion of heal wounds for 60 gold pieces
  3733 | D:5      | Bought a scroll of teleportation for 36 gold pieces
  3758 | D:5      | Noticed Blork the orc
  3766 | D:5      | Killed Blork the orc
  3766 | D:5      | Reached skill level 6 in Unarmed Combat
  3848 | D:5      | Noticed Eustachio
  3896 | D:5      | Killed Eustachio
  4017 | D:5      | Found an ornate altar of the Wu Jian Council.
  4067 | D:5      | Found a stormy altar of Qazlal.
  4341 | D:6      | Reached skill level 7 in Unarmed Combat
  4550 | D:6      | Reached skill level 5 in Shields
  4550 | D:6      | Reached XP level 9. HP: 10/84 MP: 11/11
  4971 | D:6      | Found a shadowy altar of Dithmenos.
  4971 | D:6      | Found an opulent altar of Gozag.
  5309 | D:7      | Found a sand-covered staircase.
  5416 | D:7      | Found a hazy altar of Hepliaklqana.
  5461 | Ossuary  | Entered an ossuary
  5601 | Ossuary  | Reached skill level 8 in Unarmed Combat
  6019 | D:7      | Reached skill level 9 in Unarmed Combat
  6626 | D:8      | Found an opulent altar of Gozag.
  6689 | D:8      | Found a bloodstained altar of Trog.
  6778 | D:8      | Reached XP level 10. HP: 94/94 MP: 12/12
  6785 | D:8      | Found a burning altar of Makhleb.
  7323 | D:8      | Reached skill level 5 in Fighting
  7809 | D:9      | Found a sacrificial altar of Ru.
  7819 | D:9      | Became a worshipper of Ru the Awakened
  7858 | D:9      | Found a staircase to the Orcish Mines.
  8002 | D:9      | Noticed Prince Ribbit
  8023 | D:9      | Killed Prince Ribbit
  8206 | D:9      | Noticed a two-headed ogre
  8214 | D:9      | Killed a two-headed ogre
  8214 | D:9      | Reached skill level 10 in Unarmed Combat
  8415 | D:10     | Entered Level 10 of the Dungeon
  8517 | D:10     | Reached skill level 5 in Transmutations
  8679 | D:10     | Reached XP level 11. HP: 92/104 MP: 14/14
  8755 | D:10     | Gained mutation: You occasionally shout uncontrollably at
                  | your foes. [Ru sacrifice]
  8865 | D:10     | Noticed Erolcha
  8875 | D:10     | Killed Erolcha
  9011 | D:10     | Found a staircase to the Lair.
  9440 | D:11     | Noticed a two-headed ogre
  9522 | D:10     | HP: 4/105 [two-headed ogre/giant club (8)]
  9525 | D:10     | Killed a two-headed ogre
 10077 | D:11     | Killed an unseen horror
 10077 | D:11     | Reached skill level 11 in Unarmed Combat
 10239 | D:11     | Reached skill level 1 in Armour
 10589 | D:11     | Noticed a cyan ugly thing
 10595 | D:11     | Killed a cyan ugly thing
 11192 | D:12     | Found Fuschopteo's Distillery.
 11202 | D:11     | Paralysed by a hornet for 1 turns
 11318 | D:12     | Bought a potion of might for 56 gold pieces
 11318 | D:12     | Bought a potion of resistance for 140 gold pieces
 11318 | D:12     | Bought a potion of haste for 140 gold pieces
 11318 | D:12     | Bought a potion of agility for 56 gold pieces
 11318 | D:12     | Bought a potion of ambrosia for 112 gold pieces
 11390 | D:12     | Noticed a two-headed ogre
 11503 | D:12     | Killed a two-headed ogre
 11503 | D:12     | Reached XP level 12. HP: 12/115 MP: 16/16
 12045 | D:12     | Gained mutation: You cannot study or use magical devices.
                  | [Ru sacrifice]
 12045 | D:12     | Reached * piety under Ru
 12045 | D:12     | Reached ** piety under Ru
 12045 | D:12     | Reached *** piety under Ru
 12315 | D:12     | Found a portal to a secret trove of treasure.
 12356 | D:12     | Found Hajifurr's Magic Scroll Shoppe.
 12367 | D:12     | Bought a scroll of identify for 28 gold pieces
 12367 | D:12     | Bought a scroll of identify for 28 gold pieces
 12367 | D:12     | Bought a scroll of identify for 28 gold pieces
 12399 | D:12     | Found Ehacadai's Antique Weapon Shoppe.
 12502 | D:12     | Noticed Nergalle
 12516 | D:12     | Killed Nergalle
 13094 | D:13     | Noticed a tengu warrior
 13102 | D:13     | Killed a tengu warrior
 13102 | D:13     | Reached skill level 12 in Unarmed Combat
 13393 | D:13     | Found a gate to the Vaults.
 13393 | D:13     | Noticed a two-headed ogre
 13401 | D:13     | Killed a two-headed ogre
 13758 | D:13     | Noticed a centaur warrior
 13767 | D:13     | Killed a centaur warrior
 14235 | D:14     | Gained mutation: You are somewhat inexperienced. (-2 XL)
                  | [Ru sacrifice]
 14235 | D:14     | Reached XP level 11. HP: 109/109 MP: 16/16
 14235 | D:14     | Reached XP level 10. HP: 102/102 MP: 15/15
 14235 | D:14     | Reached **** piety under Ru
 14235 | D:14     | Reached ***** piety under Ru
 14242 | D:14     | Noticed a centaur warrior
 14246 | D:14     | Noticed a deep elf mage
 14254 | D:14     | Noticed a sixfirhy
 14266 | D:14     | Killed a deep elf mage
 14495 | D:14     | Noticed a two-headed ogre
 14506 | D:14     | Noticed a two-headed ogre
 14507 | D:14     | Reached XP level 11. HP: 89/109 MP: 16/16
 14508 | D:14     | Noticed a two-headed ogre
 14525 | D:13     | Killed a two-headed ogre
 14532 | D:13     | Killed a centaur warrior
 14695 | D:13     | Killed a two-headed ogre
 14754 | D:14     | Noticed an ogre mage
 14762 | D:13     | Killed a two-headed ogre
 14894 | D:14     | Noticed a two-headed ogre
 15029 | D:13     | Killed a two-headed ogre
 15057 | D:14     | Killed an ogre mage
 15403 | D:14     | Found a shimmering altar of Xom.
 15408 | D:14     | Noticed a deep elf mage
 15411 | D:14     | Found a shimmering altar of Xom.
 15412 | D:14     | Found a shimmering altar of Xom.
 15416 | D:14     | Killed a deep elf mage
 15505 | D:14     | Found a shimmering altar of Xom.
 15507 | D:14     | Found a shimmering altar of Xom.
 15507 | D:14     | Found a shimmering altar of Xom.
 15731 | D:15     | Entered Level 15 of the Dungeon
 15955 | Lair:1   | Entered Level 1 of the Lair of Beasts
 16098 | Lair:1   | Reached skill level 13 in Unarmed Combat
 16105 | Lair:1   | Reached XP level 12. HP: 112/118 MP: 17/17
 16862 | Lair:1   | Gained mutation: You are hated by all. [Ru sacrifice]
 17333 | Lair:2   | Noticed a seven-headed hydra
 17361 | Lair:2   | Killed a seven-headed hydra
 17624 | Lair:2   | Got a bloodstained robe
 17635 | Lair:2   | Identified the cursed +1 robe "Peify" {rF+ Int+8 Dex-5
                  | SInv} (You found it on level 2 of the Lair of Beasts)
 18620 | Lair:3   | Gained mutation: You heal very quickly. [potion of
                  | mutation]
 18620 | Lair:3   | Gained mutation: You evolve. [potion of mutation]
 18620 | Lair:3   | Gained mutation: You have a pair of small horns on your
                  | head. [potion of mutation]
 18663 | Lair:3   | Learned a level 2 spell: Song of Slaying
 19068 | Lair:4   | Noticed a six-headed hydra
 19086 | Lair:3   | Killed a six-headed hydra
 19227 | Lair:4   | Gained mutation: You cannot be stealthy. [Ru sacrifice]
 19289 | Lair:4   | Reached XP level 13. HP: 116/127 MP: 18/18
 19373 | Lair:4   | Reached skill level 5 in Armour
 19791 | Lair:4   | Found a staircase to the Swamp.
 19796 | Lair:4   | Found a runed door.
 19801 | Lair:4   | Noticed fidoburger's ghost (journeyman DrAE)
 20041 | Lair:4   | Found a hole to the Spider Nest.
 20478 | Lair:5   | Reached skill level 1 in Charms
 20539 | Lair:5   | Gained mutation: You are weak. (Str -2) [Ru sacrifice]
 20539 | Lair:5   | Reached ****** piety under Ru
 20850 | Lair:5   | Found a runed door.
 20850 | Lair:5   | Found a viscous altar of Jiyva.
 20850 | Lair:5   | Found a staircase to the Slime Pits.
 21084 | Lair:6   | Entered Level 6 of the Lair of Beasts
 21273 | Lair:6   | Reached skill level 5 in Dodging
 21337 | Lair:6   | Found a burning altar of Makhleb.
 21363 | Lair:6   | Found a gateway to Hell.
 21729 | Lair:6   | Reached skill level 14 in Unarmed Combat
 21849 | Lair:6   | Reached skill level 10 in Shields
 22261 | Lair:6   | Gained mutation: You have large cloven feet. [evolution]
 22665 | Lair:2   | Reached XP level 14. HP: 137/137 MP: 20/20
 22897 | Orc:1    | Entered Level 1 of the Orcish Mines
 23308 | Orc:1    | Found a roughly hewn altar of Beogh.
 23600 | Orc:2    | Entered Level 2 of the Orcish Mines
 23698 | Orc:2    | Noticed Urug
 23716 | Orc:2    | Killed Urug
 23716 | Orc:2    | Reached skill level 5 in Spellcasting
 24217 | Orc:1    | Found a roughly hewn altar of Beogh.
 25119 | Orc:2    | Paralysed by an orc sorcerer for 4 turns
 25244 | Orc:2    | Found a staircase to the Elven Halls.
 25246 | Orc:2    | Found a roughly hewn altar of Beogh.
 25315 | Orc:2    | Found Eklev's Antique Armour Boutique.
 25315 | Orc:2    | Found Lisabidi's Assorted Antiques.
 25317 | Orc:2    | Found Taplopsa's Assorted Antiques.
 25317 | Orc:2    | Found Niphobb's General Store.
 25701 | D:15     | Found a staircase to the Depths.
 25892 | D:15     | Noticed Josephine
 25909 | D:15     | Killed Josephine
 26012 | D:15     | Paralysed by a wizard for 2 turns
 26379 | D:15     | Found a sparkling altar of Nemelex Xobeh.
 26873 | D:15     | Found an ornate altar of the Wu Jian Council.
 27323 | Lair:4   | Learned a level 4 spell: Cause Fear
 27513 | Lair:4   | Learned a level 3 spell: Regeneration
 27555 | Lair:4   | Killed fidoburger's ghost
 27602 | Lair:4   | Got a twisted trident {pierce}
 27603 | Lair:4   | Identified the cursed +1 trident of the Lost Planets
                  | {pierce, +Fly Int+2 Dex+4} (You took it off a spriggan on
                  | level 4 of the Lair of Beasts)
 27759 | Spider:1 | Entered Level 1 of the Spider Nest
 27778 | Spider:1 | Reached XP level 15. HP: 109/146 MP: 22/22
 27998 | Spider:1 | Slain by a redback

Skill      XL: |  1  2  3  4  5  6  7  8  9 10 11 12 13 14 |
---------------+-------------------------------------------+-----
Fighting       | 1 2 3 4 5 6 8 9 |  9.0
Dodging        | 2 4 3 5 6 |  6.2
Transmutations | 2 3 4 5 7 8 9 |  9.3
Shields        | 1 2 3 5 6 7 8 9 10 | 10.4
Unarmed Combat | 4 5 7 9 10 13 12 14 | 14.8
Spellcasting   | 2 3 4 5 |  5.4
Armour         | 4 3 5 |  5.2
Charms         | 2 3 |  3.0
Hexes          | |  0.7
Necromancy     | |  0.8

Action                   |  1- 3 |  4- 6 |  7- 9 | 10-12 | 13-15 || total
-------------------------+-------+-------+-------+-------+-------++-------
Melee: Unarmed           |   105 |   152 |   492 |  1125 |   957 ||  2831
       Punch             |     1 |       |       |       |       ||     1
       Rapier            |       |     8 |       |       |       ||     8
       Mace              |       |       |       |    75 |       ||    75
       Headbutt          |       |       |       |    23 |   191 ||   214
       Kick              |       |       |       |    12 |   186 ||   198
       Spear             |       |       |       |    13 |    43 ||    56
 Fire: Blowgun           |       |       |       |       |     3 ||     3
 Cast: Beastly Appendage |       |       |       |     4 |     3 ||     7
       Sticks to Snakes  |       |       |       |     3 |     6 ||     9
       Blade Hands       |       |       |       |       |     6 ||     6
       Song of Slaying   |       |       |       |       |     2 ||     2
       Regeneration      |       |       |       |       |     1 ||     1
Invok: Sacrifice Experie |       |       |       |     1 |       ||     1
       Sacrifice Purity  |       |       |       |     1 |     1 ||     2
       Apocalypse        |       |       |       |     1 |     3 ||     4
       Sacrifice Stealth |       |       |       |     1 |       ||     1
       Sacrifice Artific |       |       |       |     1 |       ||     1
       Sacrifice Love    |       |       |       |     1 |       ||     1
Evoke: Wand              |       |       |       |     1 |       ||     1
  Use: Scroll            |       |     5 |     1 |    23 |     4 ||    33
       Potion            |       |       |       |     5 |     4 ||     9
 Stab: Sleeping          |       |     1 |       |     1 |       ||     2
       Paralysed         |       |       |       |     6 |    15 ||    21
       Distracted        |       |       |       |     3 |     2 ||     5
       Invisible         |       |       |       |       |    11 ||    11
  Eat: Chunk             |    18 |    21 |    34 |   118 |    77 ||   268
       Ration            |       |       |       |     1 |       ||     1
Armor: Robe              |    42 |    43 |    75 |    54 |    10 ||   224
       Steam dragon scal |       |       |       |   210 |   150 ||   360
Dodge: Dodged            |    54 |    44 |   131 |   650 |   512 ||  1391
Block: Shield            |       |    59 |   176 |   606 |   450 ||  1291
